Map: Frozen Temple

Players

FeaR - Winner!

  • Race: Protoss Protoss
  • League: Grandmaster

Miszu

  • Race: Terran Terran
  • League: Grandmaster

VOD

Have the link to the VOD?

Description

Time

  • Played on: May 17, 2016, 7:41 a.m.
  • Length: 7:48
Show
View Real Time Build Order
Export as new Build Order

FeaR Protoss - Winner!

Build Orders: 1 Gate Expand, Blink Stalkers 

Get SALT Encoding   

  12  0:00  Probe (Chrono Boost)  
  13  0:11  Probe (Chrono Boost)  
  14  0:22  Pylon  
  14  0:23  Probe (Chrono Boost)  
  15  0:41  Gateway, Probe (Chrono Boost)  
  16  0:51  Probe (Chrono Boost)  
  16  0:53  Assimilator  
  17  1:01  Assimilator  
  17  1:02  Probe (Chrono Boost)  
  18  1:12  Probe (Chrono Boost)  
  18  1:15  Pylon  
  20  1:30  Nexus  
  19  1:37  Probe (Chrono Boost)  
  19  1:38  Cybernetics Core  
  20  1:44  Assimilator  
  20  1:48  Probe (Chrono Boost)  
  21  1:58  Probe (Chrono Boost)  
  21  2:00  Pylon  
  22  2:09  Probe (Chrono Boost)  
  23  2:18  Stalker (Chrono Boost), Warp Gate  
  23  2:21  Probe (Chrono Boost)  
  26  2:33  Twilight Council, Probe (Chrono Boost)  
  27  2:42  Probe (Chrono Boost)  
  28  2:45  Stalker, Probe (Chrono Boost)  
  31  2:53  Probe (Chrono Boost)  
  31  2:56  Probe (Chrono Boost)  
  33  3:03  Probe (Chrono Boost)  
  34  3:06  Probe (Chrono Boost)  
  34  3:10  Blink (Chrono Boost)  
  34  3:12  Probe  
  35  3:17  Gateway  
  35  3:18  Gateway  
  36  3:21  Probe  
  36  3:22  Probe  
  38  3:33  Probe x2  
  39  3:36  Robotics Facility  
  40  3:44  Probe  
  40  3:45  Probe  
  42  3:54  Probe  
  42  3:56  Stalker  
  42  3:58  Probe  
  46  4:07  Pylon  
  46  4:12  Nexus  
  46  4:19  Pylon  
  46  4:23  Probe  
  46  4:29  Assimilator  
  46  4:30  Stalker x2  
  52  4:31  Assimilator  
  52  4:33  Observer  
  52  4:34  Probe  
  52  4:38  Mothership Core  
  55  4:40  Stalker  
  55  4:44  Pylon, Probe  
  58  4:55  Stalker  
  58  4:56  Stalker  
  62  5:01  Probe  
  62  5:02  Warp Prism, Probe (Chrono Boost)  
  62  5:04  Stalker  
  68  5:12  Forge  
  68  5:13  Probe (Chrono Boost)  
  69  5:14  Probe (Chrono Boost)  
  69  5:20  Pylon  
  70  5:24  Probe (Chrono Boost)  
  70  5:25  Probe x2 (Chrono Boost)  
  73  5:34  Probe (Chrono Boost)  
  76  5:35  Probe x2 (Chrono Boost)  
  74  5:44  Probe (Chrono Boost)  
  74  5:45  Probe (Chrono Boost)  
  74  5:46  Stalker x3, Probe (Chrono Boost)  
  81  5:51  Protoss Ground Weapons Level 1 (Chrono Boost)  
  81  5:52  Observer  
  81  5:53  Probe  
  81  5:55  Probe  
  84  5:57  Probe  
  85  6:09  Probe  
  85  6:11  Pylon  
  88  6:12  Adept x2, Gateway  
  88  6:13  Probe  
  88  6:14  Adept, Assimilator  
  88  6:15  Assimilator  
  88  6:17  Gateway  
  93  6:19  Gateway  
  93  6:27  Probe  
  93  6:28  Probe  
  93  6:29  Observer, Probe  
  97  6:33  Pylon  
  97  6:35  Pylon  
  97  6:36  Pylon  
  97  6:38  Probe  
  98  6:42  Probe  
  98  6:45  Probe  
  100  6:48  Probe  
  100  6:51  Immortal  
  105  6:54  Adept, Sentry  
  105  6:55  Adept, Probe  
  105  6:57  Probe  
  113  7:10  Probe  
  114  7:18  Adept x4, Nexus  
  114  7:19  Adept, Pylon  
  124  7:24  Pylon  
Show
View Real Time Build Order
Export as new Build Order

Miszu Terran 

Build Orders: MMM Bio 

Get SALT Encoding   

  12  0:02  SCV  
  13  0:14  SCV  
  14  0:18  Supply Depot  
  14  0:26  SCV  
  15  0:40  SCV  
  15  0:41  Barracks  
  16  0:52  SCV  
  17  1:04  SCV  
  18  1:16  Command Center  
  18  1:19  SCV  
  19  1:29  Marine  
  19  1:32  Orbital Command  
  20  1:44  Barracks  
  20  1:49  Marine  
  21  1:55  Barracks  
  21  1:59  SCV  
  22  2:07  Marine  
  23  2:12  Refinery x2  
  23  2:27  Marine, SCV, Orbital Command  
  25  2:31  Supply Depot  
  25  2:36  Marine  
  26  2:39  SCV  
  27  2:45  Barracks Tech Lab  
  27  2:50  Marine  
  28  2:51  SCV  
  28  2:58  Marine  
  30  2:59  SCV  
  30  3:03  Marine, SCV  
  33  3:08  Marine, Stimpack  
  33  3:11  SCV  
  35  3:15  Marine  
  35  3:16  SCV  
  37  3:21  Marine  
  37  3:22  Factory  
  37  3:24  SCV  
  37  3:26  Marine  
  40  3:28  SCV  
  40  3:33  Supply Depot  
  41  3:34  Marine  
  41  3:36  SCV  
  41  3:41  SCV  
  45  3:44  Marine  
  46  3:48  SCV  
  46  3:54  Marine  
  46  3:55  Marauder  
  48  4:00  SCV  
  49  4:07  Engineering Bay  
  49  4:08  Refinery  
  49  4:11  Starport, Factory Reactor  
  49  4:12  SCV  
  49  4:14  SCV  
  51  4:21  Supply Depot, Marauder  
  53  4:24  SCV  
  54  4:33  Barracks Reactor  
  54  4:35  Terran Infantry Weapons Level 1  
  54  4:39  Supply Depot, Barracks Tech Lab  
  54  4:43  SCV x2  
  54  4:44  Marauder  
  58  4:55  SCV x2  
  58  4:58  Factory Reactor  
  62  5:00  Medivac  
  62  5:02  Supply Depot  
  62  5:03  Supply Depot  
  65  5:07  SCV x2  
  65  5:08  Marine x2  
  65  5:09  Medivac  
  68  5:19  SCV x2  
  70  5:23  Command Center  
  70  5:25  Marine  
  70  5:31  SCV  
  70  5:35  Marauder  
  71  5:39  Missile Turret  
  68  5:43  Medivac x2  
  68  5:44  SCV  
  68  5:46  SCV  
  72  5:52  Marine x2, Marauder  
  72  5:55  Barracks  
  72  5:56  Barracks, SCV  
  77  5:58  SCV  
  77  6:00  Marauder, Concussive Shells  
  77  6:01  Combat Shields  
  79  6:08  SCV  
  79  6:09  Supply Depot  
  79  6:10  Refinery  
  80  6:11  Supply Depot  
  80  6:14  Marauder  
  80  6:18  Marine x2  
  84  6:19  Widow Mine  
  86  6:30  Widow Mine  
  86  6:31  Medivac  
  90  6:34  Marine  
  90  6:35  Marauder  
  90  6:36  Marine  
  94  6:45  Barracks Reactor, Barracks Tech Lab  
  94  6:53  Marauder, Orbital Command  
  95  6:54  Medivac  
  96  7:03  Marauder  
  98  7:08  Marine x2, Marauder  
  98  7:14  Marauder  
  102  7:24  Marine  
  102  7:25  SCV x2  
  102  7:26  Marine, SCV  
  117  7:46  Supply Depot  
Tags
 
Add a new tag
Caveats
  • Supply blocks, unpowered buildings, or Contaminate may cause inaccurate times.
  • Supply counts are checked every 10 seconds.